 Dungeon Crawl Stone Soup version 0.28.0-45-g0d030f2227 (webtiles) character file.

Game seed: 4429228187315540972

4139 Icepheonix32 the Slinger (level 10, -1/79 HPs)
             Began as a Demonspawn Fighter on Apr 9, 2022.
             Killed from afar by a white imp (7 damage)
             ... with a puff of frost
             ... on level 8 of the Dungeon.
             The game lasted 00:16:24 (9457 turns).

Icepheonix32 the Slinger (Demonspawn Fighter)       Turns: 9457, Time: 00:16:24

Health: -1/79      AC:  7    Str: 18    XL:     10   Next: 7%
Magic:  10/10      EV: 12    Int: 10    God:
Gold:   240        SH:  5    Dex: 15    Spells: 9/9 levels left

rFire   . . .      SeeInvis .   u - +2 long sword (elec)
rCold   . . .      Faith    .   c - +0 buckler
rNeg    . . .      Spirit   .   v - +0 steam dragon scales
rPois   .          Reflect  .   (helmet restricted)
rElec   .          Harm     .   o - +0 cloak
rCorr   .          Rampage  .   (no gloves)
Will    .....                   (boots unavailable)
Stlth   +++.......              p - amulet of magic regeneration
HPRegen 0.23/turn               (no ring)
MPRegen 0.52/turn               (no ring)

@: no status effects
A: antennae 1, claws 1, hooves 3, ignite blood 1, spiny 3
a: no special abilities


You were on level 8 of the Dungeon.
You visited 2 branches of the dungeon, and saw 9 of its levels.

You collected 240 gold pieces.

Inventory:

Hand Weapons
 k - a +2 dagger of pain
 l - a +2 hunting sling of flaming
 u - a +2 long sword of electrocution (weapon)
 x - a +2 dagger of draining
Missiles
 a - a curare-tipped dart
 g - 5 poisoned darts (quivered)
 m - 40 sling bullets
Armour
 b - a +1 scale mail
 c - a +0 buckler (worn)
 o - a +0 cloak (worn)
 v - +0 steam dragon scales (worn)
Jewellery
 p - an amulet of magic regeneration (around neck)
 w - an amulet of guardian spirit
 z - a ring of positive energy
Wands
 f - a wand of polymorph (18)
 r - a wand of iceblast (7)
 y - a wand of mindburst (17)
Scrolls
 e - 2 scrolls of enchant armour
 h - a scroll of fog
 j - 4 scrolls of teleportation
 s - a scroll of identify
Potions
 d - a potion of curing
 i - 5 potions of brilliance
 n - a potion of berserk rage
 q - a potion of magic
 t - 2 potions of lignification


   Skills:
 * Level 7.4 Fighting
 - Level 0.8(2.2) Short Blades
 + Level 3.3(3.4) Long Blades
 + Level 8.8(8.9) Slings
 + Level 0.8(5.5) Throwing
 + Level 5.3 Armour
 + Level 2.3 Dodging
 * Level 4.2 Stealth
 + Level 3.4 Shields


You had 9 spell levels left.
You didn't know any spells.
Your spell library contained the following spells:

 Spells                   Type           Power      Damage    Failure   Level
 Ensorcelled Hibernation  Hex/Ice        0%         N/A       58%         2
 Conjure Flame            Conj/Fire      0%         6-21      83%         3
 Frozen Ramparts          Ice            0%         1d2       83%         3
 Summon Guardian Golem    Hex/Summ       0%         N/A       83%         3
 Flame Wave               Conj/Fire      0%         2d4       99%         4
 Ice Form                 Ice/Tmut       0%         N/A       99%         4
 Summon Ice Beast         Ice/Summ       0%         N/A       99%         4
 Orb of Destruction       Conj           0%         9d5       100%        7
 Spellforged Servitor     Conj/Summ      0%         N/A       100%        7


Dungeon Overview and Level Annotations

Branches:
Dungeon (8/15)             Temple (1/1) D:5
   Lair: D:8-11

Altars:
Ashenzari
Cheibriados
Dithmenos
Elyvilon
Fedhas
Gozag
Hepliaklqana
Kikubaaqudgha
Makhleb
Nemelex Xobeh
Okawaru
Qazlal
Ru
Sif Muna
Trog
Uskayaw
Vehumet
Wu Jian
Xom
Yredelemnul
Zin

Shops:
D:4 (*=   D:6 [

Annotations:
D:7 3 runed translucent doors, Modestlyawesome's ghost, novice DsAK; WaxSun's ghost, novice FoCK; Zeld's ghost, amateur FoFi; bnorton916's ghost, novice BaIE


Innate Abilities, Weirdness & Mutations

You have a pair of small antennae on your head.
You have sharp fingernails.
You have hooves in place of feet.
Your demonic aura sometimes causes spilled blood to erupt in flames.
You are completely covered in sharp spines.


Message History

The polar bear claws you. The white imp gestures at you.
The puff of frost hits you!
The polar bear is struck by your spines.
The polar bear closely misses you. The polar bear claws you.
The polar bear claws you but does no damage.
The white imp barely misses you.
You hit the polar bear. You kick the polar bear!
The polar bear is heavily wounded.
The polar bear closely misses you. x2; The polar bear claws you.
The white imp is struck by your spines. The white imp closely misses you.
Unknown command.
You hit the polar bear but do no damage.
You kick the polar bear, but do no damage.
The polar bear is heavily wounded.
The polar bear is struck by your spines.
The polar bear bites you!
* * * LOW HITPOINT WARNING * * *
You block the polar bear's attack.
The polar bear claws you but does no damage.
The white imp gestures at you. The puff of frost hits you.
* * * LOW HITPOINT WARNING * * *
You slash the polar bear! Your kick misses the polar bear.
The polar bear is severely wounded.
The polar bear barely misses you.
The polar bear claws you but does no damage.
The polar bear claws you.
* * * LOW HITPOINT WARNING * * *
You block the white imp's attack.
You hit the polar bear but do no damage.
You kick the polar bear.
The polar bear is severely wounded.
The polar bear goes berserk!
The white imp hits you.
* * * LOW HITPOINT WARNING * * *
The white imp freezes you.
* * * LOW HITPOINT WARNING * * *
The white imp gestures at you. The puff of frost hits you!
You die...

#.##≈§.##..#+######
#.######..#........
.........##..?.....
#.................
#.>.......#....###
#........#.####
#........#.#
#........#.#
#...†@...#.#
#...5h####.#
#.......?
..........
.8.......8.
............
...#####..... .##
##...#


You could see a polar bear (berserk) and a white imp.

Vanquished Creatures
  Pikel (D:4)
  2 polar bears (D:8)
  Sigmund (D:4)
  A wyvern (D:8)
  A yak (D:8)
  Menkaure (D:4)
  5 steam dragons
  2 sky beasts
  An ice beast (D:5)
  A necrophage (D:6)
  An ogre (D:4)
  A wolf (D:8)
  A centaur (D:8)
  A lemure (D:4)
  A phantom (D:4)
  A kobold brigand (D:7)
  3 bullfrogs (D:7)
  A scorpion (D:4)
  A hornet simulacrum (D:8)
  An electric eel (D:8)
  3 hounds
  6 orc priests
  A bullfrog skeleton (D:4)
  2 centaur skeletons (D:7)
  Natasha (thrice) (D:4)
  3 iguanas
  5 orc wizards
  A killer bee zombie (D:7)
  A centaur simulacrum (D:8)
  2 hound skeletons (D:4)
  Robin (D:4)
  4 adders
  8 gnolls
  A shadow imp (D:7)
  A howler monkey simulacrum (D:8)
  4 white imps
  An ufetubus (D:7)
  An adder skeleton (D:4)
  2 worms
  3 dart slugs
  12 orcs
  6 ball pythons
  10 bats
  7 endoplasms
  A giant cockroach (D:1)
  15 goblins
  11 hobgoblins
  2 jackals (D:3)
  5 quokkas
  3 frilled lizards
  5 kobolds
  4 rats
162 creatures vanquished.

Notes
Turn   | Place    | Note
-------+----------+-------------------------------------------
     0 | D:1      | Icepheonix32 the Demonspawn Fighter began the quest for the
                  | Orb.
     0 | D:1      | Reached XP level 1. HP: 18/18 MP: 1/1
   149 | D:1      | Discovered your monstrous ancestry.
   149 | D:1      | Gained mutation: You have large cloven feet. [demonic
                  | ancestry]
   149 | D:1      | Reached XP level 2. HP: 23/24 MP: 2/2
  1013 | D:2      | Gained mutation: You are partially covered in sharp spines.
                  | [demonic ancestry]
  1013 | D:2      | Reached XP level 3. HP: 25/29 MP: 3/3
  2643 | D:3      | Gained mutation: You are mostly covered in sharp spines.
                  | [demonic ancestry]
  2643 | D:3      | Reached XP level 4. HP: 35/35 MP: 4/4
  2884 | D:4      | Noticed Sigmund
  2903 | D:4      | Killed Sigmund
  2904 | D:4      | Reached skill level 2 in Slings
  2904 | D:4      | Gained mutation: Your demonic aura sometimes causes spilled
                  | blood to erupt in flames. [demonic ancestry]
  2904 | D:4      | Reached XP level 5. HP: 42/42 MP: 5/5
  2943 | D:4      | Found Jotees's Jewellery Boutique.
  2945 | D:4      | Noticed Natasha
  2951 | D:4      | Killed Natasha
  2952 | D:4      | Reached skill level 1 in Stealth
  2991 | D:4      | Found Hyevos's Assorted Antiques.
  2997 | D:4      | Gained mutation: You are completely covered in sharp
                  | spines. [demonic ancestry]
  2997 | D:4      | Reached XP level 6. HP: 48/48 MP: 6/6
  3017 | D:4      | Got Nuhatz's Compendium of Captivating Ignition
  3047 | D:4      | Reached skill level 1 in Dodging
  3100 | D:4      | Noticed Pikel
  3108 | D:4      | Reached skill level 3 in Slings
  3128 | D:4      | Killed Pikel
  3129 | D:4      | Reached skill level 5 in Slings
  3129 | D:4      | Gained mutation: You have sharp fingernails. [demonic
                  | ancestry]
  3129 | D:4      | Reached XP level 7. HP: 32/55 MP: 7/7
  3131 | D:4      | Noticed Natasha
  3135 | D:4      | Killed Natasha
  3291 | D:4      | Noticed Robin
  3313 | D:4      | Killed Robin
  3418 | D:4      | Noticed Natasha
  3427 | D:4      | Killed Natasha
  3452 | D:4      | Gained mutation: You have a pair of small antennae on your
                  | head. [demonic ancestry]
  3452 | D:4      | Reached XP level 8. HP: 61/61 MP: 8/8
  3660 | D:4      | Reached skill level 6 in Slings
  3731 | D:4      | Noticed Menkaure
  3735 | D:4      | Killed Menkaure
  3949 | D:4      | Found Xinow's Antique Weapon Shoppe.
  4002 | D:4      | Found an iron altar of Okawaru.
  4238 | D:5      | Entered Level 5 of the Dungeon
  4238 | D:5      | Found a staircase to the Ecumenical Temple.
  4250 | Temple   | Entered the Ecumenical Temple
  4732 | D:5      | Reached skill level 5 in Fighting
  4804 | D:5      | Reached skill level 7 in Slings
  5954 | D:6      | Found a basalt altar of Yredelemnul.
  6103 | D:6      | Found Xegibiuc's Antique Armour Shoppe.
  6552 | D:6      | Gained mutation: You have hoof-like feet. [demonic
                  | ancestry]
  6552 | D:6      | Reached XP level 9. HP: 69/69 MP: 9/9
  7408 | D:7      | Found a runed translucent gate.
  7408 | D:7      | Found a runed translucent gate.
  7414 | D:7      | Found a runed translucent gate.
  7561 | D:7      | Reached skill level 8 in Slings
  7908 | D:7      | Reached skill level 5 in Armour
  8008 | D:7      | Noticed Modestlyawesome's ghost (novice DsAK)
  8008 | D:7      | Noticed WaxSun's ghost (novice FoCK)
  8008 | D:7      | Noticed bnorton916's ghost (novice BaIE)
  8008 | D:7      | Noticed bnorton916's ghost (novice BaIE)
  8008 | D:7      | Noticed Zeld's ghost (amateur FoFi)
  9119 | D:8      | Noticed a polar bear
  9142 | D:8      | Killed a polar bear
  9330 | D:8      | Gained mutation: You have hooves in place of feet. [demonic
                  | ancestry]
  9330 | D:8      | Reached XP level 10. HP: 56/79 MP: 10/10
  9457 | D:8      | Killed from afar by a white imp

Illustrated notes

Levels and vault maps discovered:
D:1:      tarquinn_simple_flora_water_f, layout_basic
D:2:      layout_basic
D:3:      layout_basic
D:4:      layout_loops_cross, general_overflow_altar, serial_shops,
          nicolae_shop_advertising_works [nicolae_subvault_shop_adworks],
          kennysheep_mini, shop, uniq_robin, uniq_sigmund, uniq_natasha,
          uniq_pikel, uniq_menkaure
D:5:      layout_basic, minmay_temple_entry_junction, minmay_crystal_room
D:6:      layout_loops_corners, zin_scriptorium, overflow_temple_1_default,
          serial_shops, nicolae_shop_competitors_out_of_business
D:7:      layout_basic, gammafunk_ghost_cemetery, chequers_serial_rivers_large_b
D:8:      cheibrodos_steamvent, layout_basic, serial_ice, serial_ice_c,
          serial_ice_f, serial_ice_k, serial_ice_o, serial_ice_m, serial_ice_h,
          serial_ice_b, serial_ice_g, kennysheep_generic_room_6
Temple:   dpeg_five_rooms_temple

Skill      XL: |  1  2  3  4  5  6  7  8  9 |
---------------+----------------------------+-----
Shields        | 3 |  3.4
Long Blades    | 2 3 |  3.3
Armour         | 3 4 5 |  5.3
Slings         | 2 5 7 8 |  8.8
Stealth        | 1 2 4 |  4.2
Dodging        | 1 2 |  2.3
Fighting       | 4 5 7 |  7.4
Short Blades   | |  0.8
Throwing       | |  0.8

Action                   |  1- 3 |  4- 6 |  7- 9 | 10-12 || total
-------------------------+-------+-------+-------+-------++-------
Melee: Long sword        |   108 |       |    34 |    10 ||   152
       Kick              |    19 |     4 |    12 |     4 ||    39
       Dagger            |       |    14 |    14 |       ||    28
       Hunting sling     |       |       |     2 |       ||     2
 Fire: Hunting sling     |     4 |    51 |   213 |       ||   268
Throw: Dart              |       |     3 |     1 |       ||     4
  Use: Scroll            |     5 |       |     9 |       ||    14
       Potion            |       |     2 |     2 |       ||     4
 Stab: Distracted        |       |       |     1 |       ||     1
Armor: Scale mail        |    66 |     7 |    19 |       ||    92
       Skin              |       |     3 |       |       ||     3
       Steam dragon scal |       |       |    12 |    11 ||    23
Dodge: Dodged            |    47 |    15 |    39 |    13 ||   114
Block: Buckler           |    29 |     2 |    16 |     3 ||    50
